AoeStats
← Herby

Hill Fort

506291741Analyzed
4v4 RM · 19d ago on Sep 13, 2026· 25m 30s· 8 players
Game mode
Random Map
Map size
Large (8 player)
Population
200
Speed
Normal
Resources
Standard
Victory
Conquest
Starting age
Dark Age
Ending age
Imperial Age
RankedLock teamsTeams togetherTeam positionsShared explorationLock speedFull tech treeHidden civsTurbo modeCheats
Victory
Defeat
🇺🇸 Sicilians · United States
1410
+17
🇦🇺 Japanese · Australia
1372
+18
🇺🇸 Malay · United States
1341
+19
🇺🇸 Bengalis · United States
1253
+24
🇲🇽 Goths · Mexico
1461
-21
🇲🇽 Turks · Mexico
1436
-20
🇬🇹 Tatars · Guatemala
1400
-19
🇭🇰 Italians · Hong Kong SAR China
1376
-18
Herby
2:36 Loom
10:19 Feudal Age
14:24 Castle Age
13:23 Double-Bit Axe
14:11 Gold Mining
16:20 Man-at-Arms
17:10 Horse Collar
17:01 Long Swordsman
18:21 Squires
19:56 Scale Mail Armor
[Pb] Komodo 3000
8:33 Loom
10:18 Feudal Age
15:54 Castle Age
14:18 Gold Mining
22:07 Imperial Age
Shadow O.o
10:35 Feudal Age
10:47 Loom
15:02 Castle Age
13:12 Double-Bit Axe
14:29 Horse Collar
15:55 Bow Saw
16:39 Fletching
20:42 Bodkin Arrow
21:13 Crossbowman
Itachi_+_+
6:14 Loom
8:40 Feudal Age
9:32 Double-Bit Axe
12:24 Fletching
15:58 Wheelbarrow
20:04 Castle Age
18:25 Gold Mining
19:25 Padded Archer Armor
20:13 Horse Collar
24:25 Imperial Age
22:20 Bodkin Arrow
24:43 Ballistics
Rabid Ham
10:58 Feudal Age
15:24 Castle Age
13:55 Double-Bit Axe
14:53 Loom
15:09 Horse Collar
18:00 Bow Saw
24:56 Scale Barding Armor
Master Beef
9:10 Loom
11:05 Feudal Age
15:47 Castle Age
14:20 Double-Bit Axe
16:58 Bow Saw
16:29 Horse Collar
16:56 Loom
17:24 Gold Mining
19:31 Sanctity
19:23 Fervor
21:33 Redemption
22:57 Wheelbarrow
24:56 Hand Cart
I BOOM
10:42 Feudal Age
9:25 Loom
11:12 Feudal Age
15:15 Castle Age
14:21 Double-Bit Axe
20:58 Bow Saw
25:07 Wheelbarrow
nathan_skip
8:07 Loom
10:00 Feudal Age
14:12 Castle Age
13:06 Double-Bit Axe
18:02 Loom
Connection lost

Rejoining the realm…

Still unreachable

The connection could not be restored.

Session expired

The server has moved on; the page needs a fresh start.